 Dungeon Crawl Stone Soup version 0.21.1-1-g345015f (webtiles) character file.

769 Fang the Chopper (level 7, -5/44 HPs)
             Began as a Gargoyle Berserker on May 23, 2018.
             Was a Priest of Trog.
             Slain by theRoog's ghost (7 damage)
             ... on level 4 of the Dungeon.
             The game lasted 00:05:13 (3715 turns).

Fang the Chopper (Gargoyle Berserker)               Turns: 3715, Time: 00:05:13

Health: -5/44      AC:  9    Str: 22    XL:     7   Next: 82%
Magic:  7/7        EV: 12    Int:  8    God:    Trog [***...]
Gold:   218        SH:  0    Dex:  9    Spells: 6/6 levels left

rFire    . . .     SeeInvis .   a - +0 hand axe
rCold    . . .     Gourm    .   (no shield)
rNeg     + . .     Faith    .   b - +0 animal skin
rPois    ∞         Spirit   .   (no helmet)
rElec    +         Reflect  .   o - +1 cloak {+Inv}
rCorr    .         Harm     .   (no gloves)
MR       .....                  (no boots)
Stlth    ++........             (no amulet)
HPRegen  0.14/turn              (no ring)
MPRegen  0.10/turn              (no ring)

@: about to teleport, berserk cooldown, slowed, very slow
A: negative energy resistance 1, electricity resistance, unbreathing,
petrification resistance, rot immunity, AC +4
a: Berserk, Trog's Hand, Burn Spellbooks, Renounce Religion, Evoke Invisibility


You were on level 4 of the Dungeon.
You worshipped Trog.
Trog was most pleased with you.
You were near starving.

You visited 1 branch of the dungeon, and saw 4 of its levels.

You collected 218 gold pieces.

Inventory:

Hand Weapons
 a - a +0 hand axe (weapon)
Armour
 b - a +0 animal skin (worn)
 o - a +1 cloak of invisibility (worn)
Scrolls
 f - 8 scrolls of identify
 g - a scroll of random uselessness {unknown}
 i - a scroll of enchant armour {unknown}
 j - a scroll of enchant weapon {unknown}
 k - 3 scrolls of remove curse
 n - a scroll of teleportation
 q - a scroll of amnesia {unknown}
Potions
 d - a potion of curing
 e - a potion of agility {unknown}
 h - a potion of ambrosia {unknown}
 l - a potion of degeneration {unknown}
 m - a potion of brilliance {unknown}
 p - a potion of lignification {unknown}
 r - 2 potions of might {unknown}
Comestibles
 c - 7 rations


   Skills:
 + Level 5.2 Fighting
 + Level 6.1 Axes
 + Level 2.4 Armour
 + Level 3.0 Dodging
 + Level 2.9 Stealth
 + Level 0.7 Evocations


You had 6 spell levels left.
You didn't know any spells.

Dungeon Overview and Level Annotations

Branches:
Dungeon (4/15)
 Temple: D:4-7

Altars:
Ashenzari
Nemelex Xobeh
Wu Jian
Zin

Annotations:
D:4 theRoog's ghost, amateur MiBe


Innate Abilities, Weirdness & Mutations

You are resistant to torment.
Your stone body is resilient. (AC +4)
You are immune to poison.
You resist negative energy. (rN+)
You are resistant to electric shocks. (rElec)
You can survive without breathing.
You are immune to petrification.
You are immune to rotting.


Message History

You hit theRoog's ghost but do no damage.
TheRoog's ghost is lightly damaged.
TheRoog's ghost hits you but does no damage.
Unknown command.
As you read the scroll labeled BEIDGH USCHOE, it crumbles to dust.
It is a scroll of identify.
d - a potion of curing TheRoog's ghost hits you!
* * * LOW HITPOINT WARNING * * *
TheRoog's ghost completely misses you.
As you read the scroll labeled JIETA UTSYSMO, it crumbles to dust.
You feel blessed for a moment.
It was a scroll of remove curse.
TheRoog's ghost barely misses you.
As you read the scroll labeled FOTTE SADGHARR, it crumbles to dust.
You feel strangely unstable.
It was a scroll of teleportation.
TheRoog's ghost closely misses you.
TheRoog's ghost hits you but does no damage.
Unknown command.
TheRoog's ghost hits you!
You die...

....+ #.#
#.##.......
....#
#.####..#.......
....#
#...............
#####
#######..#.....#
..............#
..#.###.####.##
#.#.###.## ..
...?..†W†#.#.###
#.##....@......<
#..........##
#............
......#...#####
......#.#..
.......#.#..#
.......#.....
##... ####.#.


You could see theRoog's ghost.

Vanquished Creatures
  The ghost of Nitant the Cudgeler, an amateur MiBe of Trog (D:3)
  3 ogres
  Crazy Yiuf (D:2)
  Terence (D:2)
  2 orc priests (D:3)
  A worker ant (D:4)
  7 adders
  2 worms (D:2)
  A dart slug (D:1)
  5 leopard geckos
  7 orcs (D:3)
  3 ball pythons
  11 bats
  2 giant cockroaches (D:2)
  10 hobgoblins
  4 jackals (D:3)
  2 quokkas (D:3)
  3 frilled lizards
  6 goblins
  7 kobolds
  A quokka skeleton (D:3)
  6 rats
86 creatures vanquished.

Notes
Turn   | Place    | Note
-------+----------+-------------------------------------------
     0 | D:1      | Fang the Gargoyle Berserker began the quest for the Orb.
     0 | D:1      | Reached XP level 1. HP: 14/14 MP: 1/1
   232 | D:1      | Reached XP level 2. HP: 16/19 MP: 2/2
   443 | D:1      | Reached skill level 3 in Axes
   684 | D:2      | Reached XP level 3. HP: 19/24 MP: 3/3
   686 | D:2      | Reached ** piety under Trog
   918 | D:2      | Noticed Terence
   925 | D:2      | Killed Terence
   925 | D:2      | Reached skill level 1 in Stealth
   925 | D:2      | Reached XP level 4. HP: 29/29 MP: 4/4
  1047 | D:2      | Found a shattered altar of Ashenzari.
  1388 | D:2      | Found a sparkling altar of Nemelex Xobeh.
  1539 | D:2      | Found a runed door.
  1819 | D:2      | Noticed Crazy Yiuf
  1825 | D:2      | Killed Crazy Yiuf
  1825 | D:2      | Reached XP level 5. HP: 19/34 MP: 5/5
  2113 | D:3      | Found a faded altar of an unknown god.
  2122 | D:3      | Noticed Nitant's ghost (amateur MiBe)
  2144 | D:3      | Killed Nitant's ghost
  2144 | D:3      | Reached skill level 4 in Axes
  2144 | D:3      | Reached XP level 6. HP: 19/40 MP: 4/6
  2153 | D:3      | Reached skill level 5 in Axes
  2638 | D:3      | Found an ornate altar of the Wu Jian Council.
  2645 | D:3      | Found a glowing silver altar of Zin.
  2660 | D:3      | Reached *** piety under Trog
  2730 | D:3      | Reached XP level 7. HP: 8/44 MP: 7/7
  3049 | D:3      | Reached skill level 5 in Fighting
  3695 | D:4      | Noticed theRoog's ghost (amateur MiBe)
  3701 | D:4      | Reached skill level 6 in Axes
  3712 | D:4      | HP: 2/44 [theRoog's ghost (11)]
  3715 | D:4      | Slain by theRoog's ghost

Skill      XL: |  1  2  3  4  5  6  7 |
---------------+----------------------+-----
Axes           | 3 4 5 6 |  6.1
Fighting       | 4 5 |  5.2
Stealth        | 1 2 |  2.9
Dodging        | 2 3 |  3.0
Armour         | |  2.4
Evocations     | |  0.7

Action                   |  1- 3 |  4- 6 |  7- 9 || total
-------------------------+-------+-------+-------++-------
Melee: Hand axe          |    95 |   154 |    54 ||   303
Invok: Berserk           |     1 |     4 |     3 ||     8
 Abil: Evoke Invisibilit |       |     1 |       ||     1
  Use: Scroll            |       |       |     3 ||     3
 Stab: Invisible         |       |     1 |       ||     1
       Sleeping          |       |     2 |       ||     2
  Eat: Chunk             |       |     4 |     5 ||     9
       Ration            |       |     2 |       ||     2
Armor: Animal skin       |    42 |    38 |    21 ||   101
Dodge: Dodged            |    97 |   106 |    34 ||   237
